 Dungeon Crawl Stone Soup version 0.22.0-40-g68aacdc (webtiles) character file.

710 shmeve the Shield-Bearer (level 7, -1/60 HPs)
             Began as a Yellow Draconian Berserker on Sept 1, 2018.
             Was a Priest of Trog.
             Slain by an ogre
             ... wielding a cursed -1 giant club
              (12 damage)
             ... on level 4 of the Dungeon.
             The game lasted 00:08:31 (2974 turns).

shmeve the Shield-Bearer (DrBe)                     Turns: 2974, Time: 00:08:31

Health: -1/60      AC:  6    Str: 21    XL:     7   Next: 40%
Magic:  7/7        EV: 11    Int:  7    God:    Trog [***...]
Gold:   168        SH: 10    Dex: 11    Spells: 6/6 levels left

rFire    . . .     SeeInvis .   d - +0 war axe
rCold    . . .     Gourm    .   i - +0 shield
rNeg     . . .     Faith    .   (armour unavailable)
rPois    .         Spirit   .   (helmet restricted)
rElec    .         Reflect  .   (no cloak)
rCorr    +         Harm     .   (no gloves)
MR       .....                  (no boots)
Stlth    ++........             (no amulet)
HPRegen  0.20/turn              (no ring)
MPRegen  0.10/turn              (no ring)

@: no status effects
A: spit acid, acid resistance, unfitting armour, cold-blooded, AC +6
a: Breathe Acid, Berserk, Trog's Hand, Renounce Religion


You were on level 4 of the Dungeon.
You worshipped Trog.
Trog was most pleased with you.
You were hungry.

You visited 1 branch of the dungeon, and saw 4 of its levels.

You collected 168 gold pieces.

Inventory:

Hand Weapons
 d - a +0 war axe (weapon)
Armour
 i - a +0 shield (worn)
Scrolls
 a - a scroll of remove curse {unknown}
 c - 2 scrolls of teleportation {unknown}
 e - 2 scrolls of identify {unknown}
 n - a scroll of magic mapping {unknown}
 q - a scroll of noise {unknown}
 r - a scroll of enchant armour {unknown}
Potions
 f - a potion of invisibility {unknown}
 g - a potion of heal wounds {unknown}
 h - a potion of berserk rage {unknown}
 j - a potion of mutation {unknown}
 k - 4 potions of curing {unknown}
 l - a potion of flight {unknown}
 m - a potion of brilliance {unknown}
 o - 2 potions of degeneration {unknown}
 p - 2 potions of might {unknown}
 s - a potion of lignification {unknown}
 t - a potion of cancellation {unknown}
Comestibles
 b - 4 rations


   Skills:
 * Level 4.9 Fighting
 * Level 4.5 Axes
 * Level 4.0 Dodging
 + Level 1.9 Stealth
 * Level 5.0 Shields


You had 6 spell levels left.
You didn't know any spells.
Your spell library was empty.

Dungeon Overview and Level Annotations

Branches:
Dungeon (4/15)
 Temple: D:4-7

Altars:

Shops:
D:4 *


Innate Abilities, Weirdness & Mutations

You can spit globs of acid.
You are resistant to acid.
Your golden yellow scales are hard. (AC +6)
You cannot fit into any form of body armour.
You are cold-blooded and may be slowed by cold attacks.


Message History

You hit the worker ant but do no damage.
You block the worker ant's attack. The ogre hits you with a giant club!!
* * * LOW HITPOINT WARNING * * *
Unknown command.
You hit the ogre.
The ogre is severely wounded.
You hit the worker ant but do no damage.
You block the worker ant's attack. You block the ogre's attack.
The worker ant barely misses you.
You hit the ogre but do no damage. You tail-slap the ogre.
The ogre is almost dead.
You hit the worker ant.
You kill the worker ant!
Trog accepts your kill.
Your Dodging skill increases to level 4!
The ogre closely misses you.
You barely miss the ogre.
Your tail-slap misses the ogre.
The ogre is almost dead.
The ogre hits you with a giant club!
You die...

######..........#
................#
...#<...........#
...# #....../...#
...+ +..........#
...###.......)..#####
...#....###.....#...#
...#.##.# #.....#...#
...#.##.# ####..@†..#
##.'.##.# ####O..#
.#.####.. ...# .#.#
### ...# .#.#########
...# ##..........
##.. .).))....... ...
###)###..... #.## #
#.# ...


You could see an ogre.

Vanquished Creatures
  2 water moccasins (D:4)
  A black bear (D:3)
  The ghost of AlyssaTheNerd the Ducker, an amateur DsGl (D:3)
  2 orc priests (D:3)
  2 orc wizards
  Jessica (D:2)
  A worker ant (D:4)
  4 gnolls (D:3)
  2 adders
  A howler monkey skeleton (D:4)
  3 oozes
  2 worms
  2 dart slugs (D:3)
  5 leopard geckos
  13 orcs
  2 giant cockroaches
  6 goblins
  5 hobgoblins
  16 bats
  A frilled lizard (D:1)
  6 kobolds
  A leopard gecko skeleton (D:4)
  6 rats
85 creatures vanquished.

Notes
Turn   | Place    | Note
-------+----------+-------------------------------------------
     0 | D:1      | shmeve the Draconian Berserker began the quest for the Orb.
     0 | D:1      | Reached XP level 1. HP: 19/19 MP: 1/1
   107 | D:1      | Reached XP level 2. HP: 19/26 MP: 2/2
   492 | D:1      | Reached ** piety under Trog
   539 | D:1      | Reached XP level 3. HP: 31/33 MP: 3/3
   988 | D:2      | Noticed Jessica
  1000 | D:2      | Killed Jessica
  1000 | D:2      | Reached skill level 2 in Shields
  1000 | D:2      | Reached XP level 4. HP: 39/40 MP: 4/4
  1120 | D:2      | You fall through a shaft!
  1300 | D:3      | Reached skill level 3 in Shields
  1300 | D:3      | Reached XP level 5. HP: 20/46 MP: 5/5
  1301 | D:3      | Reached skill level 4 in Shields
  1861 | D:3      | Reached skill level 1 in Stealth
  1864 | D:3      | Reached *** piety under Trog
  2187 | D:3      | Noticed AlyssaTheNerd's ghost (amateur DsGl)
  2198 | D:3      | Found a runed door.
  2216 | D:3      | Killed AlyssaTheNerd's ghost
  2216 | D:3      | Reached XP level 6. HP: 52/52 MP: 6/6
  2653 | D:4      | Found Iddemp's Serpentskin Sales.
  2653 | D:4      | Noticed a water moccasin
  2653 | D:4      | Noticed a water moccasin
  2660 | D:4      | Killed a water moccasin
  2660 | D:4      | Your scales start taking on a golden yellow colour.
  2660 | D:4      | Reached XP level 7. HP: 28/60 MP: 7/7
  2663 | D:4      | Reached skill level 5 in Shields
  2974 | D:4      | Slain by an ogre

Skill      XL: |  1  2  3  4  5  6  7 |
---------------+----------------------+-----
Dodging        | 3 4 |  4.0
Shields        | 2 3 4 5 |  5.0
Fighting       | 4 |  4.9
Stealth        | 1 |  1.9
Axes           | 4 |  4.5

Action                   |  1- 3 |  4- 6 |  7- 9 || total
-------------------------+-------+-------+-------++-------
Melee: Hand axe          |    97 |    40 |       ||   137
       Tailslap          |    10 |    18 |     2 ||    30
       War axe           |       |    78 |    11 ||    89
Invok: Berserk           |       |     4 |       ||     4
       Trog's Hand       |       |     2 |       ||     2
 Abil: Breathe Acid      |       |       |     1 ||     1
 Stab: Sleeping          |       |     3 |       ||     3
  Eat: Chunk             |       |     9 |     2 ||    11
Armor: Skin              |    40 |    46 |     3 ||    89
Dodge: Dodged            |    86 |   106 |    11 ||   203
Block: Shield            |       |    60 |    13 ||    73
